 Dungeon Crawl Stone Soup version 0.21-a0-2-ge494091 (webtiles) character file.

9352 mopl the Grappler (level 11, -3/102 HPs)
             Began as a Troll Hunter on May 22, 2017.
             Was a High Priest of Okawaru.
             Slain by a blink frog (15 damage)
             ... on level 1 of the Lair of Beasts.
             The game lasted 00:14:17 (8024 turns).

mopl the Grappler (Troll Hunter)                    Turns: 8024, Time: 00:14:18

Health: -3/102     AC:  9    Str: 22    XL:     11   Next: 21%
Magic:  12/13      EV: 13    Int:  7    God:    Okawaru [*****.]
Gold:   693        SH:  0    Dex: 13    Spells: 8/10 levels left

rFire    + . .     SeeInvis .     - Unarmed
rCold    . . .     Gourm    +   (no shield)
rNeg     . . .     Faith    +   S - +0 troll leather armour
rPois    .         Spirit   .   (helmet restricted)
rElec    .         Reflect  .   G - +0 cloak
rCorr    +         Harm     .   (gloves unavailable)
MR       .....                  (boots unavailable)
Stlth    +++.......             o - amulet of faith {!P}
Regen    1.1/turn               a - ring of resist corrosion
MPRegen  0.2/turn               J - ring of protection from fire

@: heroism
A: unfitting armour, claws 3, fast metabolism 3, gourmand, regeneration 1,
shaggy fur 1, tough skin 2
a: Heroism, Finesse, Renounce Religion


You were on level 1 of the Lair of Beasts.
You worshipped Okawaru.
Okawaru was extremely pleased with you.
You were full.

You visited 3 branches of the dungeon, and saw 12 of its levels.

You collected 693 gold pieces.

Inventory:

Hand Weapons
 b - the +3 sling "Punk" {acid, rCorr}
   (You found it on level 1 of the Lair of Beasts)

   It protects you from acid and corrosion.
 t - a +0 blowgun
 T - a +1 scimitar of flaming
Missiles
 c - 16 large rocks (quivered)
 d - 4 throwing nets
 l - 6 tomahawks
 m - 12 poisoned javelins
 n - 41 poisoned needles
 K - 5 needles of confusion
 L - 6 exploding tomahawks
Armour
 G - a +0 cloak (worn)
 S - a +0 troll leather armour (worn)
 U - a +1 robe of fire resistance
Jewellery
 a - a ring of resist corrosion (left claw)
 j - an uncursed amulet of regeneration
 o - an amulet of faith (around neck) {!P}
 J - a ring of protection from fire (right claw)
 O - an uncursed ring of protection from cold
Wands
 s - a wand of paralysis (10/24)
 y - a wand of polymorph (1/24)
Scrolls
 i - 3 scrolls of identify
 k - 2 scrolls of immolation {unknown}
 p - 3 scrolls of teleportation {unknown}
 x - 8 scrolls of remove curse
 A - a scroll of fog {unknown}
 B - a scroll of magic mapping {unknown}
 C - 3 scrolls of amnesia {unknown}
 E - 4 scrolls of enchant weapon
 I - a scroll of recharging {unknown}
 M - 2 scrolls of vulnerability {unknown}
 N - a scroll of noise {unknown}
Potions
 u - 2 potions of heal wounds
 v - a potion of flight
 w - 3 potions of cancellation
 z - 3 potions of lignification {!q}
 D - a potion of might
 P - a potion of curing
Comestibles
 f - 8 bread rations
 g - a meat ration


   Skills:
 + Level 5.1(10.1) Fighting
 + Level 9.2(14.2) Throwing
 - Level 1.5(6.5) Dodging
 - Level 0.3(5.3) Stealth
 * Level 12.4(17.4) Unarmed Combat
 + Level 4.8 Invocations


You had 8 spell levels left.
You knew the following spells:

 Your Spells              Type           Power        Failure   Level  Hunger
e - Blink                 Tloc           N/A          63%         2    ###....


Dungeon Overview and Level Annotations

Branches:
Dungeon (10/15)            Temple (1/1) D:5            Lair (1/6) D:8
    Orc: D:9-12

Altars:
Ashenzari
Cheibriados
Dithmenos
Elyvilon
Fedhas
Gozag
Hepliaklqana
Kikubaaqudgha
Makhleb
Nemelex Xobeh
Okawaru
Qazlal
Ru
Sif Muna
Trog
Uskayaw
Vehumet
Wu Jian
Xom
Yredelemnul
Zin
The Shining One


Innate Abilities, Weirdness & Mutations

You are too large for most types of armour.
You have claws for hands.
Your metabolism is lightning-fast.
You like to eat raw meat.
Your natural rate of healing is unusually fast.
You are covered in fur. (AC +1)
You have very tough skin. (AC +2)


Message History

The blink frog closely misses you.
You completely miss the blink frog. The blink frog closely misses you.
The blink frog blinks!
The blink frog hits you!
* * * LOW HITPOINT WARNING * * *
Unknown command.
You barely miss the blink frog. The blink frog hits you.
* * * LOW HITPOINT WARNING * * *
Unknown command.
As you read the scroll labeled PISHUA MUICSOACH, it crumbles to dust.
It is a scroll of enchant weapon.
Your scimitar of flaming glows red for a moment.
The blink frog blinks!
The blink frog hits you!
* * * LOW HITPOINT WARNING * * *
The blink frog blinks!
You feel much better. The blink frog hits you!
* * * LOW HITPOINT WARNING * * *
The blink frog hits you!
* * * LOW HITPOINT WARNING * * *
The blink frog hits you!
You die...

..... #... . ..##. # ##...
##.# # #..### ####...+#
###.#..######## ##......ยง.
.#..>.........#####F........
^.............FF@.F#..$.....
##.......[....####.+..F.....
#............# ###......F.
#............# #........
#######.##.### .....F...
###### #........ ####.####


You could see 4 blink frogs.

Vanquished Creatures
  A hydra (Lair:1)
  Erica (D:9)
  Pikel (D:8)
  The ghost of Ijustatesigmund the Conjurer, a novice OpCj (D:5)
  A gargoyle (D:10)
  2 trolls
  A hippogriff (D:8)
  Prince Ribbit (D:8)
  A blink frog (Lair:1)
  Sigmund (D:6)
  A wyvern (D:10)
  2 humans (D:7)
  A basilisk (Lair:1)
  2 wargs
  Menkaure (D:3)
  2 orc warriors (D:8)
  3 sky beasts
  2 black bears
  2 slaves (D:8)
  5 necrophages
  2 phantoms
  An eye of draining (D:10)
  A centaur (D:6)
  4 ogres
  Blork the orc (D:6)
  3 big kobolds
  6 bullfrogs
  6 scorpions
  6 killer bees
  A wight (D:8)
  4 crimson imps
  A bullfrog zombie (D:9)
  3 centaur zombies
  5 hounds
  7 jellies
  4 orc priests
  2 centaur skeletons
  Crazy Yiuf (D:6)
  A bullfrog skeleton (D:6)
  5 orc wizards
  Terence (D:3)
  4 iguanas
  10 worker ants
  A hound skeleton (D:7)
  A hound zombie (D:8)
  A mummy (D:8)
  Robin (D:2)
  A howler monkey zombie (D:8)
  2 worker ant zombies (D:8)
  5 gnolls
  11 adders
  A shadow imp (D:7)
  2 oozes
  2 adder zombies
  An adder skeleton (D:7)
  3 worms
  2 dart slugs
  4 leopard geckos
  18 orcs
  7 bats
  2 bat skeletons (D:7)
  4 bat zombies (D:7)
  5 giant cockroaches
  9 goblins
  10 hobgoblins
  7 jackals
  3 quokkas
  A ball python (D:3)
  4 frilled lizards
  A giant cockroach zombie (D:5)
  A jackal skeleton (D:5)
  24 kobolds
  6 rats
  A fungus (D:6)
  A plant (Lair:1)
253 creatures vanquished.

Vanquished Creatures (others)
  An orc wizard (D:8)
  2 orcs (D:8)
3 creatures vanquished.

Grand Total: 256 creatures vanquished

Notes
Turn   | Place    | Note
-------+----------+-------------------------------------------
     0 | D:1      | mopl the Troll Hunter began the quest for the Orb.
     0 | D:1      | Reached XP level 1. HP: 19/19 MP: 0/0
   187 | D:1      | Reached skill level 1 in Unarmed Combat
   224 | D:1      | Reached XP level 2. HP: 15/27 MP: 1/1
   272 | D:1      | Reached skill level 2 in Unarmed Combat
   583 | D:1      | Reached XP level 3. HP: 33/33 MP: 2/2
   912 | D:2      | Found a shattered altar of Ashenzari.
   948 | D:2      | Became a worshipper of Ashenzari the Shackled
   949 | D:2      | Fell from the grace of Ashenzari
  1000 | D:2      | Reached skill level 4 in Throwing
  1486 | D:2      | Reached skill level 3 in Unarmed Combat
  1488 | D:2      | Noticed Robin
  1491 | D:2      | Reached XP level 4. HP: 41/41 MP: 3/3
  1496 | D:2      | Killed Robin
  2027 | D:3      | Found a shattered altar of Ashenzari.
  2093 | D:3      | Noticed Terence
  2104 | D:3      | Killed Terence
  2104 | D:3      | Was forgiven by Ashenzari
  2104 | D:3      | Reached XP level 5. HP: 40/48 MP: 4/4
  2127 | D:3      | Found a bloodstained altar of Trog.
  2465 | D:4      | Reached skill level 4 in Unarmed Combat
  2479 | D:4      | Noticed Menkaure
  2486 | D:3      | Killed Menkaure
  2486 | D:3      | Reached XP level 6. HP: 29/55 MP: 5/5
  2504 | D:4      | Learned a level 2 spell: Blink
  2520 | D:4      | Reached skill level 5 in Unarmed Combat
  2555 | D:4      | Reached skill level 5 in Throwing
  2729 | D:4      | Found a white marble altar of Elyvilon.
  2825 | D:4      | Reached skill level 6 in Unarmed Combat
  2825 | D:4      | Reached XP level 7. HP: 62/62 MP: 6/6
  2965 | D:5      | Entered Level 5 of the Dungeon
  3036 | D:5      | Found a hide-covered altar of Uskayaw.
  3145 | D:5      | Noticed Ijustatesigmund's ghost (novice OpCj)
  3152 | D:5      | Killed Ijustatesigmund's ghost
  3152 | D:5      | Reached skill level 6 in Throwing
  3152 | D:5      | Reached skill level 7 in Unarmed Combat
  3152 | D:5      | Reached XP level 8. HP: 70/70 MP: 7/7
  3305 | D:5      | Found a shadowy altar of Dithmenos.
  3387 | D:5      | Found an ornate altar of the Wu Jian Council.
  3567 | D:5      | Found a staircase to the Ecumenical Temple.
  3578 | D:5      | Reached skill level 8 in Unarmed Combat
  3592 | Temple   | Entered the Ecumenical Temple
  3810 | D:6      | Noticed Sigmund
  3841 | D:6      | Killed Sigmund
  3957 | D:6      | Reached skill level 9 in Unarmed Combat
  3995 | D:6      | Noticed Blork the orc
  4006 | D:6      | Killed Blork the orc
  4019 | D:6      | Found a glowing golden altar of the Shining One.
  4053 | D:6      | Found a glowing silver altar of Zin.
  4214 | D:6      | Reached skill level 7 in Throwing
  4240 | D:6      | Found a runed door.
  4244 | D:6      | Noticed Crazy Yiuf
  4248 | D:6      | Killed Crazy Yiuf
  4308 | D:7      | Found a radiant altar of Vehumet.
  4359 | D:7      | Reached XP level 9. HP: 76/76 MP: 8/8
  4368 | D:7      | Found an iron altar of Okawaru.
  4393 | D:7      | Reached skill level 10 in Unarmed Combat
  4397 | D:7      | Became a worshipper of Warmaster Okawaru
  4522 | D:7      | Reached skill level 1 in Invocations
  4570 | D:7      | Reached skill level 2 in Fighting
  4635 | D:7      | Reached * piety under Okawaru
  4748 | D:7      | Found an ancient bone altar of Kikubaaqudgha.
  4876 | D:8      | Noticed Pikel
  4890 | D:8      | Killed Pikel
  4890 | D:8      | Reached skill level 2 in Invocations
  5013 | D:8      | Reached ** piety under Okawaru
  5027 | D:7      | Reached skill level 3 in Fighting
  5168 | D:8      | Reached skill level 8 in Throwing
  5253 | D:8      | Found a staircase to the Lair.
  5303 | D:8      | Reached skill level 11 in Unarmed Combat
  5303 | D:8      | Reached XP level 10. HP: 68/90 MP: 11/11
  5325 | D:8      | Noticed Prince Ribbit
  5330 | D:8      | Killed Prince Ribbit
  5330 | D:8      | Reached skill level 3 in Invocations
  5374 | D:8      | Reached *** piety under Okawaru
  5531 | D:8      | Found a burning altar of Makhleb.
  5532 | D:8      | Found a shimmering altar of Xom.
  5578 | D:8      | Found a sparkling altar of Nemelex Xobeh.
  5885 | D:8      | Received a gift from Okawaru
  6211 | D:9      | Noticed Erica
  6225 | D:9      | Killed Erica
  6225 | D:9      | Reached **** piety under Okawaru
  6225 | D:9      | Received a gift from Okawaru
  6225 | D:9      | Reached skill level 4 in Fighting
  6225 | D:9      | Reached skill level 4 in Invocations
  6758 | D:10     | Entered Level 10 of the Dungeon
  6870 | D:10     | Reached skill level 12 in Unarmed Combat
  7119 | D:10     | Noticed a gargoyle
  7136 | D:10     | Killed a gargoyle
  7136 | D:10     | Received a gift from Okawaru
  7543 | D:10     | Reached skill level 9 in Throwing
  7543 | D:10     | Reached XP level 11. HP: 67/97 MP: 13/13
  7558 | D:10     | Reached ***** piety under Okawaru
  7579 | D:10     | Reached skill level 5 in Fighting
  7862 | Lair:1   | Entered Level 1 of the Lair of Beasts
  7957 | Lair:1   | Noticed a seven-headed hydra
  7966 | Lair:1   | Killed a seven-headed hydra
  8024 | Lair:1   | Slain by a blink frog

Vault maps used:
D:1:      dpeg_arrival_tiny_j, st_stairs_11
D:2:      ashenzari_conservatory_becter, wad_floor_pattern_2, uniq_robin
D:3:      lemuel_round_altar, evilmike_ruin_ashenzari, uniq_terence
D:4:      lemuel_doored_altar, first_bread, uniq_menkaure
D:5:      kennysheep_little_box, eat_drink_and_be_merry_uskayaw,
          lemuel_coloured_pillars_altar, minmay_temple_entry_crystal_x
D:6:      overflow_temple_1_default, basic_altar, st_stairs_6,
          uniq_crazy_yiuf_cottage, uniq_blork_the_orc, uniq_sigmund
D:7:      nicolae_overflow_hidden_temple, kennysheep_vampire_church,
          okawaru_humans
D:8:      grunt_temple_overflow_champion_of_chaos, lemuel_round_altar,
          erik_lair_orcish_takeover, serial_undead, serial_undead_f,
          serial_undead_d, serial_undead_f, serial_undead_a,
          uniq_prince_ribbit1, uniq_pikel
D:9:      grunt_ogre_cave, uniq_erica
Temple:   dpeg_three_leaves_temple

Skill      XL: |  1  2  3  4  5  6  7  8  9 10 11 |
---------------+----------------------------------+-----
Unarmed Combat | 1 2 3 4 6 7 9 11 12 | 12.4
Throwing       | 4 5 6 7 8 9 |  9.2
Invocations    | 2 4 |  4.8
Fighting       | 3 4 5 |  5.1
Dodging        | |  1.5
Stealth        | |  0.3

Action                   |  1- 3 |  4- 6 |  7- 9 | 10-12 || total
-------------------------+-------+-------+-------+-------++-------
Melee: Unarmed           |   100 |   149 |   330 |   272 ||   851
       Punch             |       |       |    14 |    12 ||    26
Throw: Large rock        |       |     1 |       |     3 ||     4
       Javelin           |       |     1 |       |     1 ||     2
Invok: Renounce Religion |     1 |       |       |       ||     1
       Heroism           |       |       |     1 |     5 ||     6
  Use: Scroll            |       |       |       |     9 ||     9
       Potion            |       |       |       |     2 ||     2
 Stab: Sleeping          |     2 |     6 |    10 |     6 ||    24
       Confused          |       |     2 |       |       ||     2
       Distracted        |       |       |       |     1 ||     1
  Eat: Chunk             |    19 |    12 |    23 |    21 ||    75
Armor: Robe              |    30 |    33 |    70 |    67 ||   200
       Troll leather arm |       |       |       |    16 ||    16
Dodge: Dodged            |    33 |    58 |   118 |    95 ||   304
